 Dungeon Crawl Stone Soup version 0.30-a0-722-g3e6e8c874d (webtiles) character file.

Game seed: 12308867083789856358

235 hbarley the Slasher (level 6, -3/50 HPs)
             Began as a Gnoll Reaver on Jan 27, 2023.
             Slain by Terence
             ... wielding a +7 short sword of holy wrath
              (5 damage)
             ... on level 2 of the Dungeon.
             The game lasted 00:12:23 (1681 turns).

hbarley the Slasher (Gnoll Reaver)                  Turns: 1681, Time: 00:12:24

Health: -3/50      AC: 10    Str: 19    XL:     6   Next: 5%
Magic:  14/14      EV:  9    Int: 13    God:
Gold:   105        SH:  4    Dex: 16    Spells: 14/15 levels left

rFire   . . .      SeeInvis .    a - +0 falchion
rCold   . . .      Faith    .    k - +0 buckler
rNeg    . . .      Spirit   .    u - +0 chain mail
rPois   .          Reflect  .    q - +0 helmet
rElec   .          Harm     .    (no cloak)
rCorr   .          Rampage  .    i - +0 pair of gloves
Will    .....                    (no boots) Stlth
                                 (no amulet)
HPRegen 0.28/turn                l - +6 ring of strength
MPRegen 0.14/turn                x - +6 ring of dexterity

@: no status effects
A: fangs 1, strong nose, distributed training
a: no special abilities


You were on level 2 of the Dungeon.
You visited 1 branch of the dungeon, and saw 3 of its levels.

You collected 105 gold pieces.

Inventory:

Hand Weapons
 a - a +0 falchion (weapon)
 r - a +0 club
 s - a +0 club
Armour
 b - a +0 leather armour
 h - a +0 leather armour
 i - a +0 pair of gloves (worn)
 k - a +0 buckler (worn)
 q - a +0 helmet (worn)
 u - a +0 chain mail (worn)
Jewellery
 l - a +6 ring of strength (left hand)
 v - a ring of poison resistance
 w - a +5 ring of evasion
 x - a +6 ring of dexterity (right hand)
Scrolls
 c - 3 scrolls of identify {unknown}
 f - 4 scrolls of noise {unknown}
 g - a scroll of vulnerability {unknown}
 n - a scroll of immolation {unknown}
 t - a scroll of fog {unknown}
Potions
 d - 2 potions of curing {unknown}
 e - 3 potions of attraction {unknown}
 j - a potion of degeneration {unknown}
 m - 2 potions of brilliance {unknown}
 o - a potion of heal wounds {unknown}
 p - a potion of cancellation {unknown}


   Skills:
 + Level 4.9 Fighting
 + Level 1.8 Short Blades
 + Level 6.8 Long Blades
 + Level 1.8 Axes
 + Level 1.8 Maces & Flails
 + Level 1.8 Polearms
 + Level 1.8 Staves
 + Level 1.8 Ranged Weapons
 + Level 1.8 Throwing
 + Level 1.8 Armour
 + Level 4.9 Dodging
 + Level 1.8 Stealth
 + Level 1.8 Shields
 + Level 1.8 Unarmed Combat
 + Level 5.3 Spellcasting
 + Level 5.6 Conjurations
 + Level 1.4 Hexes
 + Level 1.4 Summonings
 + Level 1.4 Necromancy
 + Level 1.4 Translocations
 + Level 1.4 Transmutations
 + Level 1.4 Fire Magic
 + Level 1.4 Ice Magic
 + Level 1.4 Air Magic
 + Level 1.4 Earth Magic
 + Level 1.4 Poison Magic
 + Level 2.0 Invocations
 + Level 1.8 Evocations


You had 14 spell levels left.
You knew the following spells:

 Your Spells              Type           Power      Damage    Failure   Level
a - Kiss of Death         Conj/Necr      48%        2d9       58%         1

Your spell library contained the following spells:

 Spells                   Type           Power      Damage    Failure   Level
 Momentum Strike          Conj/Tloc      24%        3d8       73%         2
 Slow                     Hex            28%        N/A       86%         1
 Hailstorm                Conj/Ice       12%        3d5       91%         3
 Confusing Touch          Hex            7%         N/A       99%         3
 Vampiric Draining        Necr           7%         2d6       99%         3


Dungeon Overview and Level Annotations

Branches:
Dungeon (3/15)

Altars:

Annotations:
D:2 Terence


Innate Abilities, Weirdness & Mutations

You have very sharp teeth.
Your uncanny sense of smell can sniff out nearby items.
Your experience applies equally to all skills.


Message History

You completely miss the worm.
The worm is moderately wounded.
The worm bites you.
You hit the worm but do no damage.
The worm is moderately wounded.
Terence hits you but does no damage.
You hit the worm. You bite the worm, but do no damage.
The worm is heavily wounded.
The worm bites you but does no damage.
Terence hits you with a +7 short sword of holy wrath.
You hit the worm.
The worm is severely wounded.
Terence hits you with a +7 short sword of holy wrath.
You block the worm's attack.
You hit the worm but do no damage.
The worm is severely wounded.
You block Terence's attack.
You slash the worm!
You kill the worm!
You block Terence's attack.
You hit Terence.
Terence is moderately wounded.
You block Terence's attack.
You hit Terence.
Terence is heavily wounded.
Terence hits you with a +7 short sword of holy wrath!
* * * LOW HITPOINT WARNING * * *
Terence attacks as you move away!
Terence hits you with a +7 short sword of holy wrath.
* * * LOW HITPOINT WARNING * * *
Terence attacks as you move away! Terence closely misses you.
There is a stone staircase leading up here.
Terence hits you with a +7 short sword of holy wrath!
* * * LOW HITPOINT WARNING * * *
You climb upwards.
There is a stone staircase leading down here.
You hit Terence. You bite Terence, but do no damage.
Terence is heavily wounded.
Terence hits you with a +7 short sword of holy wrath.
You die...

#..###...#..# #.# #.#
#..#######..###.# #.#
#..##...........# #.#
#..##.####..##########.#
#..##.......#..........#
#..##..###..#.##########
#........#..#.#
#.##.###.#(.#.# #....#
#.@@.#.# ####.###.#.##.#
####.....#.##.#
#..........##.###
#.####.######...# #.#.#
#<# ###.# #####.# #.##.#
#.# .....## #...# #.#
#####.###.#### #.#


You could see Terence.

Vanquished Creatures
  Sigmund (D:2)
  Robin (D:2)
  A gnoll (D:1)
  2 adders (D:3)
  A worm (D:3)
  A bat (D:1)
  5 endoplasms
  2 giant cockroaches
  10 goblins
  5 hobgoblins
  A kobold (D:1)
  A quokka (D:1)
  A ball python (D:2)
  2 frilled lizards (D:1)
  2 rats
36 creatures vanquished.

Notes
Turn   | Place    | Note
-------+----------+-------------------------------------------
     0 | D:1      | hbarley the Gnoll Reaver began the quest for the Orb.
     0 | D:1      | Reached XP level 1. HP: 20/20 MP: 6/6
   183 | D:1      | Reached XP level 2. HP: 14/26 MP: 7/7
   794 | D:1      | Reached skill level 5 in Spellcasting
   794 | D:1      | Reached XP level 3. HP: 30/31 MP: 7/9
  1001 | D:2      | Noticed Robin
  1014 | D:2      | Reached skill level 1 in Invocations
  1028 | D:2      | Killed Robin
  1029 | D:2      | Reached skill level 1 in Short Blades
  1029 | D:2      | Reached skill level 1 in Axes
  1029 | D:2      | Reached skill level 1 in Maces & Flails
  1029 | D:2      | Reached skill level 1 in Polearms
  1029 | D:2      | Reached skill level 1 in Staves
  1029 | D:2      | Reached skill level 1 in Ranged Weapons
  1029 | D:2      | Reached skill level 1 in Throwing
  1029 | D:2      | Reached skill level 1 in Armour
  1029 | D:2      | Reached skill level 1 in Stealth
  1029 | D:2      | Reached skill level 1 in Shields
  1029 | D:2      | Reached skill level 1 in Unarmed Combat
  1029 | D:2      | Reached skill level 1 in Evocations
  1434 | D:2      | Reached XP level 4. HP: 38/38 MP: 11/11
  1459 | D:2      | Noticed Sigmund
  1482 | D:2      | Killed Sigmund
  1483 | D:2      | Reached skill level 1 in Hexes
  1483 | D:2      | Reached skill level 1 in Summonings
  1483 | D:2      | Reached skill level 1 in Necromancy
  1483 | D:2      | Reached skill level 1 in Translocations
  1483 | D:2      | Reached skill level 1 in Transmutations
  1483 | D:2      | Reached skill level 1 in Fire Magic
  1483 | D:2      | Reached skill level 1 in Ice Magic
  1483 | D:2      | Reached skill level 1 in Air Magic
  1483 | D:2      | Reached skill level 1 in Earth Magic
  1483 | D:2      | Reached skill level 1 in Poison Magic
  1483 | D:2      | Reached XP level 5. HP: 35/43 MP: 12/12
  1642 | D:3      | Noticed Terence
  1656 | D:3      | Reached XP level 6. HP: 39/50 MP: 13/13
  1679 | D:3      | HP: 1/50 [Terence/+7 short sword of holy wrath (11)]
  1681 | D:2      | Slain by Terence

Illustrated notes

Levels and vault maps discovered:
D:1:      scummos_arrival_forest, layout_loops_ring, minmay_pentomino_s4
D:2:      layout_loops_ring, uniq_robin, uniq_sigmund
D:3:      layout_rooms, worldfamousw_hep_ancestral_shrine,
          gammafunk_ghost_grave, uniq_terence

Skill      XL: |  1  2  3  4 |
---------------+-------------+-----
Spellcasting   | 5 |  5.3
Invocations    | 1 2 |  2.0
Short Blades   | 1 |  1.8
Axes           | 1 |  1.8
Maces & Flails | 1 |  1.8
Polearms       | 1 |  1.8
Staves         | 1 |  1.8
Ranged Weapons | 1 |  1.8
Throwing       | 1 |  1.8
Armour         | 1 |  1.8
Stealth        | 1 |  1.8
Shields        | 1 |  1.8
Unarmed Combat | 1 |  1.8
Evocations     | 1 |  1.8
Hexes          | 1 |  1.4
Summonings     | 1 |  1.4
Necromancy     | 1 |  1.4
Translocations | 1 |  1.4
Transmutations | 1 |  1.4
Fire Magic     | 1 |  1.4
Ice Magic      | 1 |  1.4
Air Magic      | 1 |  1.4
Earth Magic    | 1 |  1.4
Poison Magic   | 1 |  1.4
Fighting       | |  4.9
Long Blades    | |  6.8
Dodging        | |  4.9
Conjurations   | |  5.6

Action                     |  1- 3 |  4- 6 || total
---------------------------+-------+-------++-------
  Melee: Falchion          |    91 |    34 ||   125
         Bite              |     8 |     5 ||    13
   Stab: Sleeping          |     1 |       ||     1
 Armour: Leather armour    |    22 |       ||    22
         Chain mail        |     4 |    16 ||    20
  Dodge: Dodged            |    50 |    11 ||    61
  Block: Buckler           |    12 |     7 ||    19

Table legend: (Time is in decaauts)
 A = Elapsed time spent in this place.
 B = Non-inter-level travel time spent in this place.
 C = Inter-level travel time spent in this place.
 D = Time resting spent in this place.
 E = Time spent auto-exploring this place.
 F = Levels seen in this place.
 G = Mean time per level.
                   A        B        C        D        E       F      G
               +--------+--------+--------+--------+--------+-----+--------+
         Total |   1679 |    460 |   1219 |    154 |      0 |   3 |  559.7 |
       Dungeon |   1679 |    460 |   1219 |    154 |      0 |   3 |  559.7 |
               +--------+--------+--------+--------+--------+-----+--------+

Top non-repeatable levels by time:
     D:1: 940 daAuts
     D:2: 670 daAuts
     D:3: 68 daAuts
